 Dungeon Crawl Stone Soup version 0.29.1-2-gbd0b4ee654 (webtiles) character file.

Game seed: 12438194243046820192

402 DemonSlayer the Magician (level 6, -1/42 HPs)
             Began as a Demonspawn Earth Elementalist on Nov 25, 2022.
             Killed from afar by an orc wizard (7 damage)
             ... with a puff of flame
             ... on level 4 of the Dungeon.
             The game lasted 00:09:02 (4922 turns).

DemonSlayer the Magician (DsEE)                     Turns: 4922, Time: 00:09:02

Health: -1/42      AC:  7    Str: 10    XL:     6   Next: 55%
Magic:  13/13      EV: 12    Int: 16    God:
Gold:   145        SH:  0    Dex: 14    Spells: 6/14 levels left

rFire   . . .      SeeInvis .   m - +5 mace (protect)
rCold   . . .      Faith    .   (no shield)
rNeg    . . .      Spirit   .   a - +0 ring mail
rPois   .          Reflect  .   h - +0 helmet
rElec   .          Harm     .   (no cloak)
rCorr   .          Rampage  .   l - +0 pair of gloves
Will    .....                   (no boots)
Stlth   ++........              (no amulet)
HPRegen 0.14/turn               (no ring)
MPRegen 0.26/turn               (no ring)

@: no status effects
A: claws 1, magic regeneration, sturdy frame 2
a: no special abilities


You were on level 4 of the Dungeon.
You visited 1 branch of the dungeon, and saw 5 of its levels.

You collected 145 gold pieces.

Inventory:

Hand Weapons
 f - a +3 dagger
 m - a +5 mace of protection (weapon)
Armour
 a - a +0 ring mail (worn)
 h - a +0 helmet (worn)
 l - a +0 pair of gloves (worn)
Scrolls
 c - a scroll of magic mapping {unknown}
 d - a scroll of immolation
 e - 2 scrolls of silence
 g - a scroll of enchant armour
 i - a scroll of teleportation
 j - a scroll of poison
 p - a scroll of amnesia {unknown}
Potions
 b - a potion of resistance
 k - 2 potions of cancellation
 n - 2 potions of lignification
 o - a potion of brilliance {unknown}


   Skills:
 + Level 0.7 Fighting
 + Level 0.1 Short Blades
 + Level 0.1 Maces & Flails
 + Level 1.1 Armour
 + Level 2.1 Dodging
 + Level 2.1 Stealth
 + Level 4.7 Spellcasting
 + Level 0.8 Transmutations
 + Level 4.5 Earth Magic


You had 6 spell levels left.
You knew the following spells:

 Your Spells              Type           Power      Damage    Failure   Level
a - Sandblast             Erth           36%        2d10      3%          1
b - Stone Arrow           Conj/Erth      22%        3d8       22%         3
c - Fulminant Prism       Conj/Hex       1%         3d6       88%         4

Your spell library contained the following spells:

 Spells                   Type           Power      Damage    Failure   Level
 Passwall                 Tmut/Erth      10%        N/A       10%         2
 Magic Dart               Conj           12%        1d3       19%         1
 Searing Ray              Conj           6%         2d4       28%         2
 Petrify                  Tmut/Erth      12%        N/A       52%         4
 Borgnjor's Revivificati  Necr           1%         N/A       100%        8
 Necromutation            Tmut/Necr      2%         N/A       100%        8
 Death's Door             Necr           1%         N/A       100%        9


Dungeon Overview and Level Annotations

Branches:
Dungeon (5/15)
 Temple: D:4-7

Altars:
Ashenzari

Shops:
D:1 *[   D:3 (

Annotations:
D:3 3 runed translucent doors, Sabo's ghost, weakling GrFi; Smersh616's ghost, weakling TeAE


Innate Abilities, Weirdness & Mutations

You have sharp fingernails.
You regenerate magic rapidly.
Your movements are less encumbered by armour. (ER -4)


Message History

An orc wizard is nearby!
An orc wizard is nearby!
An orc wizard is nearby!
An orc wizard is nearby!
The blast of sand hits the orc wizard.
The orc wizard is moderately wounded.
The blast of sand hits the orc wizard!
The orc wizard is almost dead.
The orc wizard mumbles some strange words.
The orc wizard flickers and vanishes!
Deactivating autopickup; reactivate with Ctrl-A.
You hear some strange, mumbled words.
A puff of flame appears from out of thin air!
The puff of flame hits you! Something hits you.
You completely miss something. Something hits you but does no damage.
You closely miss something. Something hits you. x2
You barely miss something. Something hits you.
You miss something. Something hits you.
You barely miss something. Something hits you but does no damage.
You hear some strange, mumbled words.
A magic dart appears from out of thin air!
The magic dart hits you!
* * * LOW HITPOINT WARNING * * *
You closely miss something. Something hits you but does no damage.
You barely miss something. Something hits you.
* * * LOW HITPOINT WARNING * * *
You hear some strange, mumbled words.
A puff of flame appears from out of thin air!
The puff of flame hits you.
* * * LOW HITPOINT WARNING * * *
You miss something. Something hits you but does no damage.
You barely miss something. Something hits you but does no damage.
You closely miss something. Something hits you but does no damage.
Something barely misses you.
You miss something.
You hear some strange, mumbled words.
A puff of flame appears from out of thin air!
The puff of flame hits you!
You die...

### ...
#.#################
#...........)...^..
..#### #........))......
......###.........######
#....{#..#######.# #
#@..# #.# # #...# #.# #
#††.# #)# # ....# #.# #
#....# #####<# # .....#
#.....# ## ......#
#.#########. .##....#
#........... ......
###########.


There were no monsters in sight!

Vanquished Creatures
  A necrophage (D:5)
  A bullfrog (D:3)
  A gnoll bouda (D:4)
  An iguana (D:4)
  An orc wizard (D:5)
  Robin (D:2)
  5 gnolls
  3 adders
  2 worms (D:2)
  2 dart slugs
  5 orcs
  8 ball pythons
  4 endoplasms
  2 giant cockroaches (D:2)
  7 goblins
  11 hobgoblins
  2 jackals (D:2)
  4 quokkas
  3 bats
  7 frilled lizards
  8 kobolds
  7 rats
86 creatures vanquished.

Vanquished Creatures (others)
  An orc wizard (D:4)
  3 withered plants (D:3)
4 creatures vanquished.

Grand Total: 90 creatures vanquished

Notes
Turn   | Place    | Note
-------+----------+-------------------------------------------
     0 | D:1      | DemonSlayer the Demonspawn Earth Elementalist began the
                  | quest for the Orb.
     0 | D:1      | Reached XP level 1. HP: 13/13 MP: 3/3
    61 | D:1      | Found Ziyvuir's General Store.
    66 | D:1      | Found Ecleir's Antique Armour Shop.
   458 | D:1      | Gained mutation: You regenerate magic rapidly. [demonic
                  | ancestry]
   458 | D:1      | Reached XP level 2. HP: 19/19 MP: 3/5
  1478 | D:1      | Found a faded altar of an unknown god.
  1742 | D:2      | Gained mutation: Your movements are slightly less
                  | encumbered by armour. (ER -2) [demonic ancestry]
  1742 | D:2      | Reached XP level 3. HP: 24/24 MP: 2/6
  2076 | D:2      | Noticed Robin
  2427 | D:3      | Found a runed translucent gate.
  2428 | D:3      | Found a runed translucent gate.
  2430 | D:3      | Found a runed translucent gate.
  2431 | D:3      | Noticed Smersh616's ghost (weakling TeAE)
  2431 | D:3      | Noticed Sabo's ghost (weakling GrFi)
  2630 | D:3      | Found a broken altar of Ashenzari.
  2696 | D:3      | Gained mutation: Your movements are less encumbered by
                  | armour. (ER -4) [demonic ancestry]
  2696 | D:3      | Reached XP level 4. HP: 31/31 MP: 5/8
  2759 | D:3      | Found Peacylah's Antique Weapon Emporium.
  2852 | D:3      | Noticed a bullfrog
  2859 | D:3      | Killed a bullfrog
  3127 | D:3      | Learned a level 3 spell: Stone Arrow
  3132 | D:3      | Learned a level 4 spell: Fulminant Prism
  3160 | D:2      | Reached XP level 5. HP: 36/36 MP: 7/10
  3168 | D:2      | Killed Robin
  3528 | D:5      | Entered Level 5 of the Dungeon
  3889 | D:5      | Gained mutation: You have sharp fingernails. [demonic
                  | ancestry]
  3889 | D:5      | Reached XP level 6. HP: 42/42 MP: 6/12
  4593 | D:4      | Reached skill level 1 in Armour
  4922 | D:4      | Killed from afar by an orc wizard

Illustrated notes

Levels and vault maps discovered:
D:1:      minmay_arrival_five_plusses, layout_basic,
          shapermc_ecumenical_altar_totnotflames, serial_shops, shop,
          nicolae_shop_temple_entry_statues_fountains
D:2:      layout_rooms, kennysheep_generic_room_7, uniq_robin
D:3:      layout_basic, evilmike_ruin_ashenzari, gammafunk_ghost_cemetery,
          serial_shops, shop
D:4:      layout_loops_ring, serial_shops, shop, kennysheep_generic_room_3
D:5:      layout_gridville

Skill      XL: |  1  2  3  4  5  6 |
---------------+-------------------+-----
Earth Magic    | 3 4 |  4.5
Dodging        | 2 |  2.1
Stealth        | 2 |  2.1
Spellcasting   | 3 4 |  4.7
Armour         | 1 |  1.1
Fighting       | |  0.7
Short Blades   | |  0.1
Maces & Flails | |  0.1
Transmutations | |  0.8

Action                   |  1- 3 |  4- 6 || total
-------------------------+-------+-------++-------
Melee: Unarmed           |     9 |       ||     9
       Dagger            |    20 |       ||    20
       Punch             |     1 |       ||     1
       Mace              |     1 |    26 ||    27
 Cast: Sandblast         |    56 |    78 ||   134
  Use: Potion            |     1 |       ||     1
       Scroll            |       |    12 ||    12
 Stab: Sleeping          |     1 |       ||     1
Armor: Robe              |    13 |       ||    13
       Leather armour    |       |     2 ||     2
       Ring mail         |       |    29 ||    29
Dodge: Dodged            |    33 |    46 ||    79
